 Dungeon Crawl Stone Soup version 0.28-a0-48-gfd831c5874 (webtiles) character file.

Game seed: 10852204558114521083

1243 quinnr the Zephyrmancer (level 8, -6/41 HPs)
             Began as a Tengu Air Elementalist on July 30, 2021.
             Was a Priest of Sif Muna.
             Mangled by a wyvern (10 damage)
             ... on level 4 of the Dungeon.
             The game lasted 00:09:06 (5157 turns).

quinnr the Zephyrmancer (Tengu Air Elementalist)    Turns: 5157, Time: 00:09:07

Health: -6/41      AC:  2    Str:  9    XL:     8   Next: 50%
Magic:  13/13      EV: 14    Int: 17    God:    Sif Muna [***...]
Gold:   111        SH: 10    Dex: 15    Spells: 4/13 levels left

rFire   . . .      SeeInvis .   r - +2 dagger (drain)
rCold   . . .      Faith    .   l - +0 buckler
rNeg    . . .      Spirit   .   a - +0 robe
rPois   .          Reflect  +   (helmet restricted)
rElec   .          Harm     .   (no cloak)
rCorr   .          Rampage  .   (no gloves)
Will    .....                   (boots unavailable)
Stlth   ++........              j - amulet of reflection
HPRegen 0.13/turn               (no ring)
MPRegen 0.13/turn               (no ring)

@: brilliant, flying quickly and evasively, quick
A: beak, talons 3, nimble flight
a: Renounce Religion, Channel Magic, Forget Spell


You were on level 4 of the Dungeon.
You worshipped Sif Muna.
Sif Muna was most pleased with you.
You visited 2 branches of the dungeon, and saw 6 of its levels.

You collected 111 gold pieces.

Inventory:

Hand Weapons
 c - a +0 whip of freezing
 r - a +2 dagger of draining (weapon)
Missiles
 d - 107 stones
Armour
 a - a +0 robe (worn)
 l - a +0 buckler (worn)
Jewellery
 j - an amulet of reflection (around neck)
Wands
 p - a wand of iceblast (5)
 v - a wand of digging (4)
Scrolls
 e - a scroll of silence {unknown}
 f - 4 scrolls of teleportation
 i - a scroll of brand weapon {unknown}
 k - a scroll of blinking {unknown}
 m - a scroll of amnesia {unknown}
 n - a scroll of magic mapping {unknown}
 q - a scroll of enchant weapon {unknown}
 s - a scroll of identify {unknown}
 u - a scroll of fear {unknown}
 w - a scroll of vulnerability {unknown}
 x - a scroll of immolation {unknown}
Potions
 b - a potion of might {unknown}
 g - 2 potions of haste {unknown}
 h - 3 potions of curing {unknown}
 o - a potion of brilliance
 t - a potion of heal wounds {unknown}


   Skills:
 + Level 0.0 Fighting
 - Level 2.1 Dodging
 + Level 3.0 Stealth
 - Level 4.0 Shields
 + Level 3.0 Spellcasting
 - Level 1.3 Conjurations
 - Level 3.0 Summonings
 + Level 0.0 Ice Magic
 + Level 10.9 Air Magic
 + Level 0.0 Invocations
 + Level 0.0 Evocations


You had 4 spell levels left.
You knew the following spells:

 Your Spells              Type           Power      Damage    Failure   Level
a - Shock                 Conj/Air       100%       1d9       1%          1
b - Airstrike             Air            28%        N/A       1%          4
c - Summon Ice Beast      Ice/Summ       11%        N/A       67%         4

Your spell library contained the following spells:

 Spells                   Type           Power      Damage    Failure   Level
 Static Discharge         Conj/Air       35%        N/A       1%          2
 Swiftness                Air            56%        N/A       1%          3
 Summon Mana Viper        Hex/Summ       11%        N/A       95%         5
 Monstrous Menagerie      Summ           9%         N/A       100%        7


Dungeon Overview and Level Annotations

Branches:
Dungeon (5/15)             Temple (1/1) D:4

Altars:
Cheibriados
Dithmenos
Elyvilon
Gozag
Hepliaklqana
Makhleb
Nemelex Xobeh
Okawaru
Qazlal
Ru
Sif Muna
Trog
Uskayaw
Vehumet
Wu Jian
Xom
Yredelemnul
Zin
The Shining One


Innate Abilities, Weirdness & Mutations

You have a beak for a mouth.
You have claws for feet.
Your magical nature lets you fly swiftly and evasively.


Message History

An orc wizard is nearby!
You miscast Shock.
You are very lightly contaminated with residual magic.
Nothing appears to happen.
There are monsters nearby!
The zap hits the orc wizard.
The orc wizard is lightly wounded.
The wyvern hisses angrily.
Unknown command.
Casting: Shock (safe; 1% risk of failure)
Confirm with . or Enter, or press ? or * to list all spells.
Aiming: Airstrike (dangerous; 1% risk of failure)
Press: ? - help, Dir - move target, f/p - orc wizard
Aim: an orc wizard, wielding a +1 dagger of venom and wearing a +0 robe (lightly wounded)
The air twists around and strikes the orc wizard!
The orc wizard is almost dead.
Unknown command.
The wyvern hisses menacingly.
You fly upwards.
There is a stone staircase leading down here.
Unknown command.
You start resting.
Your magical contamination has completely faded away.
You start resting.
Magic restored.
You fly downwards.
The wyvern bites you! The orc wizard casts a spell at you.
The puff of flame hits you! The wyvern closely misses you.
There is a stone staircase leading up, spattered with blood here.
The wyvern bites you!
* * * LOW HITPOINT WARNING * * *
The orc wizard casts a spell at you. The magic dart hits you!
* * * LOW HITPOINT WARNING * * *
You fly upwards.
There is a stone staircase leading down here.
It was a potion of brilliance.
You feel clever all of a sudden. The wyvern barely misses you.
The wyvern bites you!
You die...

###### .....# ####.# ####### #.#
#...... #.# #.##### ####.##### #.#
# #........########## #.# #
#..............l@รท#########.#####
..##.###.#######...............#.
#.##.###....[.....####.#.........
...#.#.................#.#####.#.
.#...#.#######..#.######.# #.#.
...###.# #..#.# #.# #.#. ..## #.#
#..#.# #.# #.#. ..# #.# #..#.# #.#
#.## ).####.# #..#.# #.# #.#


You could see a wyvern.

Vanquished Creatures
  A two-headed ogre (D:4)
  An ice beast (D:3)
  An ogre (D:5)
  A phantom (D:4)
  Blork the orc (D:4)
  A bullfrog skeleton (D:4)
  An orc priest (D:3)
  Ijyb (D:3)
  An iguana (D:4)
  Robin (D:3)
  7 adders
  An adder skeleton (D:2)
  A worm (D:1)
  A dart slug (D:3)
  7 orcs
  6 endoplasms
  A giant cockroach (D:4)
  14 goblins
  7 hobgoblins
  15 jackals
  3 quokkas
  6 ball pythons
  5 bats (D:1)
  A frilled lizard (D:1)
  5 kobolds
  2 rats (D:3)
92 creatures vanquished.

Notes
Turn   | Place    | Note
-------+----------+-------------------------------------------
     0 | D:1      | quinnr the Tengu Air Elementalist began the quest for the
                  | Orb.
     0 | D:1      | Reached XP level 1. HP: 10/10 MP: 4/4
   123 | D:1      | Found a faded altar of an unknown god.
   155 | D:1      | Became a worshipper of Sif Muna the Loreminder
   155 | D:1      | Reached * piety under Sif Muna
   240 | D:1      | Reached XP level 2. HP: 15/15 MP: 1/6
   712 | D:1      | Reached XP level 3. HP: 19/19 MP: 2/7
   890 | D:2      | Reached skill level 5 in Air Magic
  1494 | D:2      | Found a stormy altar of Qazlal.
  1639 | D:2      | Reached ** piety under Sif Muna
  1999 | D:3      | Noticed Robin
  2024 | D:2      | Reached XP level 4. HP: 16/24 MP: 5/9
  2172 | D:2      | Learned a level 4 spell: Airstrike
  2178 | D:3      | Killed Robin
  2450 | D:3      | You fall into a shaft and drop 1 floor!
  2473 | D:4      | Found a staircase to the Ecumenical Temple.
  2479 | Temple   | Entered the Ecumenical Temple
  2631 | D:4      | Noticed a two-headed ogre
  2651 | D:4      | Noticed Blork the orc
  2661 | D:4      | Killed Blork the orc
  2662 | D:4      | Reached skill level 1 in Shields
  2662 | D:4      | Gained mutation: Your magical nature lets you fly swiftly
                  | and evasively. [Tengu growth]
  2662 | D:4      | Reached XP level 5. HP: 28/28 MP: 7/10
  2699 | D:4      | Noticed an ice beast
  2719 | D:3      | Killed an ice beast
  2720 | D:3      | Reached skill level 6 in Air Magic
  2720 | D:3      | Reached XP level 6. HP: 20/32 MP: 2/11
  2978 | D:3      | Found a shadowy altar of Dithmenos.
  3010 | D:3      | Reached skill level 7 in Air Magic
  3109 | D:3      | Learned a level 4 spell: Summon Ice Beast
  3320 | D:3      | Noticed Ijyb
  3324 | D:3      | Killed Ijyb
  3380 | D:3      | Reached skill level 1 in Summonings
  3634 | D:3      | Reached *** piety under Sif Muna
  4089 | D:4      | Found an iron altar of Okawaru.
  4537 | D:4      | Found a hide-covered altar of Uskayaw.
  4751 | D:4      | Killed a two-headed ogre
  4752 | D:4      | Reached skill level 10 in Air Magic
  4752 | D:4      | Reached XP level 7. HP: 36/36 MP: 4/12
  4752 | D:4      | Reached XP level 8. HP: 41/41 MP: 4/13
  4834 | D:5      | Entered Level 5 of the Dungeon
  4903 | D:5      | Noticed a wyvern
  5155 | D:5      | HP: 4/41 [orc wizard/magic dart (7)]
  5157 | D:4      | Mangled by a wyvern

Illustrated notes

Levels and vault maps discovered:
D:1:      matt_arrival_los_fun, layout_rooms, chequers_ecumenical_altar_simple
D:2:      layout_loops_ring, basic_altar, hangedman_decor_diamond_cutter
D:3:      layout_loops_ring, nicolae_dithmenos_shadow_blocks, uniq_ijyb,
          uniq_robin
D:4:      layout_loops_ring, okawaru_gym_becter, nicolae_uskayaw_suspiria,
          minmay_temple_entry_trees, serial_glass, glass_columns_a,
          glass_columns_c, glass_columns_a, glass_columns_c, uniq_blork_the_orc
D:5:      layout_rooms, fedhas_altar_3, ashenzari_altar_1, minmay_manual_moon,
          uniq_eustachio
Temple:   regret_index_temple_sphere_string

Skill      XL: |  1  2  3  4  5  6 |
---------------+-------------------+-----
Air Magic      | 5 6 10 | 10.9
Spellcasting   | 3 |  3.0
Shields        | 1 2 4 |  4.0
Stealth        | 3 |  3.0
Summonings     | 3 |  3.0
Dodging        | |  2.1
Conjurations   | |  1.3

Action                   |  1- 3 |  4- 6 |  7- 9 || total
-------------------------+-------+-------+-------++-------
Melee: Unarmed           |     2 |       |       ||     2
       Peck              |     1 |       |       ||     1
       Whip              |    19 |       |       ||    19
       Kick              |     2 |     1 |       ||     3
       Dagger            |       |     6 |       ||     6
 Cast: Shock             |    79 |   118 |     6 ||   203
       Airstrike         |       |     4 |     6 ||    10
Evoke: Wand              |       |     3 |       ||     3
  Use: Scroll            |     1 |     1 |       ||     2
       Potion            |       |       |     1 ||     1
Armor: Robe              |     8 |     3 |       ||    11
Dodge: Dodged            |    38 |    24 |     2 ||    64
Block: Other             |     9 |     4 |       ||    13
       Reflection        |       |     1 |       ||     1
       Buckler           |       |    11 |     3 ||    14

Table legend: (Time is in decaauts)
 A = Elapsed time spent in this place.
 B = Non-inter-level travel time spent in this place.
 C = Inter-level travel time spent in this place.
 D = Time resting spent in this place.
 E = Time spent auto-exploring this place.
 F = Levels seen in this place.
 G = Mean time per level.
                   A        B        C        D        E       F      G
               +--------+--------+--------+--------+--------+-----+--------+
         Total |   5052 |   4964 |     88 |    452 |   3855 |   6 |  842.0 |
       Dungeon |   4906 |   4835 |     71 |    452 |   3727 |   5 |  981.2 |
        Temple |    145 |    128 |     17 |      0 |    128 |   1 |  145.0 |
               +--------+--------+--------+--------+--------+-----+--------+

Top non-repeatable levels by time:
     D:3: 1336 daAuts
     D:2: 1335 daAuts
     D:4: 1323 daAuts
     D:1: 888 daAuts
  Temple: 145 daAuts
     D:5: 22 daAuts
